 Dungeon Crawl Stone Soup version 0.27-a0-416-gca2cecf3c0 (webtiles) character file.

Game seed: 10947736519395435712

12859 dolemite99 the Basher (level 11, -2/81 HPs)
             Began as a Demonspawn Fighter on Feb 25, 2021.
             Was a Priest of Yredelemnul.
             Slain by a fire bat (4 damage)
             ... on level 2 of the Abyss.
             The game lasted 00:16:55 (14906 turns).

dolemite99 the Basher (Demonspawn Fighter)         Turns: 14906, Time: 00:16:55

Health: -2/81      AC: 25    Str: 25    XL:     11   Next: 68%
Magic:  16/16      EV:  5    Int: 10    God:    Yredelemnul [***...]
Gold:   591        SH: 11    Dex: 19    Spells: 10/10 levels left

rFire    + . .     SeeInvis .   a - +3 mace (drain)
rCold    . . .     Faith    .   c - +1 kite shield
rNeg     . . .     Spirit   .   J - +2 plate armour {rF+}
rPois    .         Reflect  .   j - +1 helmet
rElec    .         Harm     .   m - +2 cloak
rCorr    .         Rampage  .   C - +0 pair of gloves
Will     .....                  (no boots)
Stlth    ..........             H - amulet of the acrobat
HPRegen  0.23/turn              q - +6 ring of dexterity
MPRegen  0.30/turn              h - +6 ring of strength

@: no status effects
A: talons 1, thin metallic scales 1, foul stench 1, magic regeneration
a: Renounce Religion, Recall Undead Slaves, Injury Mirror, Animate Dead


You were on level 2 of the Abyss.
You worshipped Yredelemnul.
Yredelemnul was most pleased with you.
You visited 2 branches of the dungeon, and saw 10 of its levels.
You visited the Abyss 1 time.
You also visited: Bailey.

You collected 1464 gold pieces.
You spent 873 gold pieces at shops.

Inventory:

Hand Weapons
 a - a +3 mace of draining (weapon)
 b - a +0 fustibalus
 d - a +0 vorpal mace
 k - a +2 vorpal mace
 w - the +7 rapier of Big Damage {vamp, rN+ Str+3}
   (You took it off an orc on level 7 of the Dungeon)

   It inflicts no extra harm, but heals its wielder when it wounds a living foe.
   It affects your strength (+3).
   It protects you from negative energy.
 y - a +2 vorpal halberd
 D - a +2 flail
 I - a +5 hand axe
Missiles
 e - 208 arrows
 f - 171 stones
 l - 3 javelins
 s - 77 bolts
 u - 54 boomerangs (quivered)
Armour
 c - a +1 kite shield (worn)
 j - a +1 helmet (worn)
 m - a +2 cloak (worn)
 C - a +0 pair of gloves (worn)
 J - a +2 plate armour of fire resistance (worn)
Jewellery
 h - a +6 ring of strength (right hand)
 q - a +6 ring of dexterity (left hand)
 H - an amulet of the acrobat (around neck)
Wands
 i - a wand of digging (6)
 r - a wand of polymorph (7)
 t - a wand of charming (7)
 x - a wand of iceblast (5)
 E - a wand of paralysis (7)
Scrolls
 p - a scroll of enchant weapon
 F - a scroll of enchant armour
 K - a scroll of amnesia
 L - a scroll of summoning
Potions
 g - a potion of magic {unknown}
 n - 2 potions of flight
 o - a potion of might
 z - 2 potions of ambrosia {unknown}
 A - 2 potions of berserk rage
 B - 4 potions of curing


   Skills:
 - Level 5.7 Fighting
 - Level 13.2 Maces & Flails
 - Level 9.5 Armour
 - Level 2.6 Shields
 + Level 7.1 Invocations


You had 10 spell levels left.
You didn't know any spells.
Your spell library contained the following spells:

 Spells                   Type           Power        Failure   Level
 Animate Skeleton         Necr           0%           100%        1
 Pain                     Necr           0%           100%        1
 Sandblast                Erth           0%           100%        1
 Passwall                 Tmut/Erth      0%           100%        2
 Stone Arrow              Conj/Erth      0%           100%        3
 Vampiric Draining        Necr           0%           100%        3
 Animate Dead             Necr           0%           100%        4
 Petrify                  Tmut/Erth      0%           100%        4
 Agony                    Necr           0%           100%        5
 Lee's Rapid Deconstruct  Erth           0%           100%        5


Dungeon Overview and Level Annotations

Branches:
Dungeon (9/15)             Temple (1/1) D:4          Bailey (visited)
   Lair: D:8-11         Orc: D:9-12

Altars:
Ashenzari
Cheibriados
Dithmenos
Gozag
Hepliaklqana
Kikubaaqudgha
Makhleb
Nemelex Xobeh
Okawaru
Qazlal
Ru
Sif Muna
Trog
Vehumet
Wu Jian
Xom
Yredelemnul
Zin
The Shining One

Shops:
D:6 [

Annotations:
D:3 3 runed translucent doors, Zdeegee's ghost, amateur HaBr; dickylongcocking's ghost, amateur FeMo; sahdkjhfkaj's ghost, amateur SpNe
D:5 Eustachio
D:9 Erolcha


Innate Abilities, Weirdness & Mutations

You have sharp toenails.
You are partially covered in thin metallic scales. (AC +2)
You may rarely emit foul miasma when damaged in melee.
You regenerate magic rapidly.


Message History

The fire bat barely misses you. The Executioner hits you.
* * * LOW HITPOINT WARNING * * *
You emit a cloud of foul miasma!
The Executioner barely misses you. You block the Executioner's attack.
The fire bat misses you.
A starcursed mass splits.
The Executioner barely misses you.
The Executioner hits you but does no damage.
You block the Executioner's attack. The fire bat closely misses you.
A starcursed mass splits.
The fire bat barely misses you.
A starcursed mass splits.
A deafening chorus of shrieks assaults your mind!
* * * LOW HITPOINT WARNING * * *
The fire bat bites you but does no damage.
The fire bat barely misses you.
The fire bat bites you but does no damage.
Unknown command.
You are too injured to fight recklessly!
Unknown command.
The fire bat barely misses you. You block the fire bat's attack. x2
The fire bat bites you but does no damage.
A starcursed mass splits.
You block the fire bat's attack. The fire bat completely misses you.
You block the fire bat's attack. The fire bat misses you.
A large abomination comes into view.
You block the fire bat's attack. The fire bat misses you. x2
You block the fire bat's attack. The fire bat closely misses you.
The fire bat bites you but does no damage.
The fire bat barely misses you. You block the fire bat's attack.
The fire bat bites you but does no damage.
The fire bat completely misses you.
The fire bat bites you but does no damage.
The fire bat misses you. The fire bat completely misses you.
You block the fire bat's attack. x2
You hit the fire bat. You drain the fire bat. You claw the fire bat!
The fire bat is severely wounded.
The fire bat bites you.
* * * LOW HITPOINT WARNING * * *
You are engulfed in flames.
You resist.
You die...
Your body rises from the dead as a mindless zombie.

.# .#.# ..# ..
#..#..# ##.## #. .. #
.## ###... # .. #
##.#.# ##.#..#. .. .
#.#.#. .#.#.... .# #
..§.X.#.#.#..##..#
##..
##..##...#@b.#≈≈≈ #.#
##.#...#..b...≈≈≈≈. .
.#.##..X..#..#..♣≈≈..
..#
.#.....#...#.≈≈≈≈##
.##.##.....#..##≈≈≈##
##.#
.#...####..≈≈≈#..
.#..#..#...#
#.≈≈≈≈...# #.#...##
.#.##.≈≈≈##.#. .
##### ##.###≈≈≈..


You could see a large abomination and 2 fire bats.

Vanquished Creatures
  An orc warlord (Bailey)
  2 two-headed ogres
  Pikel (D:6)
  A deep elf pyromancer (D:7)
  A troll (D:9)
  Prince Ribbit (D:6)
  Grinder (D:4)
  A wyvern (D:9)
  A small abomination (Abyss:2)
  Edmund (D:6)
  A water moccasin (D:9)
  3 ice beasts
  2 sky beasts (D:8)
  6 orc warriors
  5 ogres
  4 centaurs
  2 phantoms
  4 lemures (D:6)
  6 bullfrogs
  4 scorpions
  5 howler monkeys
  4 wights (D:7)
  A bullfrog zombie (D:9)
  2 centaur zombies
  2 jellies (D:9)
  3 hounds
  A bullfrog skeleton (D:9)
  6 orc priests
  An iguana (D:7)
  12 orc wizards
  4 worker ants
  A hound skeleton (D:4)
  5 gnolls
  9 adders
  A white imp (D:6)
  An ooze (D:1)
  An ufetubus (D:6)
  An adder zombie (D:6)
  3 worms
  2 dart slugs
  10 leopard geckos
  52 orcs
  4 bats
  7 giant cockroaches
  13 goblins
  10 hobgoblins
  10 jackals
  14 kobolds
  10 quokkas
  A ball python (D:1)
  7 frilled lizards
  A jackal zombie (D:6)
  A quokka skeleton (D:4)
  4 rats
  A lurking horror (Abyss:2)
258 creatures vanquished.

Vanquished Creatures (others)
  5 plants (D:4)
5 creatures vanquished.

Grand Total: 263 creatures vanquished

Notes
Turn   | Place    | Note
-------+----------+-------------------------------------------
     0 | D:1      | dolemite99 the Demonspawn Fighter began the quest for the
                  | Orb.
     0 | D:1      | Reached XP level 1. HP: 18/18 MP: 1/1
    45 | D:1      | Reached skill level 2 in Maces & Flails
   386 | D:1      | Gained mutation: You regenerate magic rapidly. [demonic
                  | ancestry]
   386 | D:1      | Reached XP level 2. HP: 18/24 MP: 2/2
   704 | D:1      | Reached skill level 3 in Maces & Flails
   919 | D:1      | Gained mutation: You have sharp toenails. [demonic
                  | ancestry]
   919 | D:1      | Reached XP level 3. HP: 29/29 MP: 3/3
  1533 | D:2      | Reached XP level 4. HP: 34/35 MP: 4/4
  1592 | D:2      | Reached skill level 4 in Maces & Flails
  2580 | D:3      | Found a runed translucent gate.
  2580 | D:3      | Found a runed translucent gate.
  2580 | D:3      | Found a runed translucent gate.
  2580 | D:3      | Noticed Zdeegee's ghost (amateur HaBr)
  2580 | D:3      | Noticed dickylongcocking's ghost (amateur FeMo)
  2581 | D:3      | Noticed sahdkjhfkaj's ghost (amateur SpNe)
  2735 | D:4      | Identified a brightly glowing helmet
  2739 | D:4      | Noticed Grinder
  2761 | D:4      | Killed Grinder
  2762 | D:4      | Reached skill level 6 in Maces & Flails
  2762 | D:4      | Reached XP level 5. HP: 21/41 MP: 5/5
  2762 | D:4      | Gained mutation: You may rarely emit foul miasma when
                  | damaged in melee. [demonic ancestry]
  2762 | D:4      | Reached XP level 6. HP: 24/47 MP: 6/6
  3050 | D:4      | Noticed an orc warrior
  4054 | D:4      | Reached skill level 7 in Maces & Flails
  4054 | D:4      | Gained mutation: You are partially covered in thin metallic
                  | scales. (AC +2) [demonic ancestry]
  4054 | D:4      | Reached XP level 7. HP: 47/52 MP: 7/7
  4653 | D:4      | Found a staircase to the Ecumenical Temple.
  4665 | Temple   | Entered the Ecumenical Temple
  4721 | Temple   | Became a worshipper of Yredelemnul the Dark
  5018 | D:5      | Entered Level 5 of the Dungeon
  5294 | D:5      | Found an iron altar of Okawaru.
  5333 | D:5      | Noticed Eustachio
  5399 | D:5      | Reached skill level 8 in Maces & Flails
  8027 | D:6      | Found Yvikajug's Antique Armour Shop.
  8057 | D:6      | Reached XP level 8. HP: 25/58 MP: 8/8
  8282 | D:6      | Bought a shiny chain mail for 172 gold pieces
  8292 | D:6      | Bought a pair of gloves for 103 gold pieces
  8363 | D:6      | Noticed Pikel
  8383 | D:6      | Killed Pikel
  8384 | D:6      | Reached skill level 9 in Maces & Flails
  8550 | D:6      | Reached skill level 10 in Maces & Flails
  8994 | D:6      | Noticed Edmund
  9002 | D:6      | Killed Edmund
  9348 | D:6      | Noticed Prince Ribbit
  9379 | D:6      | Killed Prince Ribbit
  9380 | D:6      | Reached skill level 11 in Maces & Flails
  9380 | D:6      | Reached XP level 9. HP: 56/63 MP: 9/9
  9699 | D:7      | Reached * piety under Yredelemnul
 10146 | D:7      | Identified the +7 rapier of Big Damage {vamp, rN+ Str+3}
 10667 | D:7      | Reached skill level 12 in Maces & Flails
 11001 | D:7      | Noticed a deep elf pyromancer
 11142 | D:8      | Found a flagged portal.
 11162 | Bailey   | Entered a bailey
 11204 | Bailey   | Noticed an orc warlord
 11242 | Bailey   | Reached ** piety under Yredelemnul
 11293 | Bailey   | Found a runed translucent gate.
 11295 | Bailey   | Found a runed translucent gate.
 11296 | Bailey   | Found a runed translucent gate.
 11575 | Bailey   | Killed an orc warlord
 11576 | Bailey   | Reached skill level 13 in Maces & Flails
 11576 | Bailey   | Reached XP level 10. HP: 65/70 MP: 10/10
 11636 | Bailey   | Reached XP level 11. HP: 56/75 MP: 11/11
 11648 | Bailey   | Identified a scroll of acquirement
 11648 | Bailey   | Acquired 789 gold pieces
 11796 | D:6      | Bought a shiny plate armour for 598 gold pieces
 11979 | D:7      | Killed a deep elf pyromancer
 12807 | D:8      | Noticed a two-headed ogre
 12823 | D:8      | Killed a two-headed ogre
 12824 | D:8      | Reached skill level 5 in Fighting
 13243 | D:8      | Reached *** piety under Yredelemnul
 13244 | D:8      | Reached skill level 1 in Invocations
 13302 | D:8      | Found a radiant altar of Vehumet.
 13876 | D:9      | Noticed a two-headed ogre
 13885 | D:9      | Killed a two-headed ogre
 13886 | D:9      | Reached skill level 5 in Invocations
 14407 | D:9      | Noticed Erolcha
 14411 | D:9      | Cast into level 2 of the Abyss (Erolcha)
 14497 | Abyss:2  | Noticed a soul eater
 14511 | Abyss:2  | Found a roughly hewn altar of Beogh.
 14518 | Abyss:2  | Noticed a starcursed mass
 14537 | Abyss:2  | Noticed a thrashing horror
 14730 | Abyss:2  | Noticed a bone dragon
 14744 | Abyss:2  | Noticed a rakshasa
 14864 | Abyss:2  | Noticed a green ugly thing
 14875 | Abyss:2  | Noticed an Executioner
 14884 | Abyss:2  | Noticed a green very ugly thing
 14884 | Abyss:2  | Noticed a starcursed mass
 14884 | Abyss:2  | Noticed a green very ugly thing
 14885 | Abyss:2  | Noticed a green very ugly thing
 14885 | Abyss:2  | Noticed a green very ugly thing
 14888 | Abyss:2  | Noticed a green very ugly thing
 14890 | Abyss:2  | HP: 1/81 [starcursed mass/accursed screaming (6)]
 14906 | Abyss:2  | HP: 2/81 [fire bat (3)]
 14906 | Abyss:2  | Slain by a fire bat

Illustrated notes

Levels and vault maps discovered:
D:1:      roderic_chinese_lattice_arrival, layout_basic,
          chequers_serial_rivers_marsh
D:2:      layout_loops_ring
D:3:      layout_basic, gammafunk_ghost_cemetery
D:4:      layout_loops_ring, minmay_temple_entry_grid, serial_bayou_pond_b,
          minmay_small_thing, uniq_grinder
D:5:      layout_layer_cave, general_overflow_altar, uniq_eustachio
D:6:      layout_gridville, serial_shops, nicolae_shop_overgrown_old_shop,
          enter_ossuary_1, uniq_pikel, uniq_prince_ribbit1, uniq_edmund
D:7:      layout_gridville, chequers_avenue, guppyfry_early_elven_hall
D:8:      layout_basic, enter_bailey_5, basic_altar
D:9:      layout_stronghold, kennysheep_orc_monster_closet_entryway,
          small_statue_intersection, small_statue_intersection, uniq_erolcha
Temple:   compressed_dpeg_triangle_lava_temple
Abyss:2:  base: D:1, bh_silent_lugonu_exit

Skill      XL: |  1  2  3  4  5  6  7  8  9 10 11 |
---------------+----------------------------------+-----
Maces & Flails | 2 3 6 7 8 11 13 | 13.2
Armour         | 9 |  9.5
Fighting       | 5 |  5.7
Invocations    | 7 |  7.1
Shields        | |  2.6

Action                   |  1- 3 |  4- 6 |  7- 9 | 10-12 || total
-------------------------+-------+-------+-------+-------++-------
Melee: Flail             |   140 |    99 |   221 |       ||   460
       Kick              |     9 |    24 |   110 |    76 ||   219
       Mace              |       |       |   116 |   177 ||   293
       Hand axe          |       |       |    44 |       ||    44
 Fire: Fustibalus        |       |       |       |    36 ||    36
Throw: Stone             |    25 |    34 |     9 |    15 ||    83
       Javelin           |       |       |    49 |     1 ||    50
       Boomerang         |       |       |       |    19 ||    19
  Use: Potion            |       |     2 |     6 |     6 ||    14
       Scroll            |       |     2 |    11 |     8 ||    21
Armor: Scale mail        |    78 |    38 |    46 |       ||   162
       Chain mail        |       |       |   150 |       ||   150
       Skin              |       |       |    13 |       ||    13
       Plate armour      |       |       |       |   154 ||   154
Dodge: Dodged            |    42 |    26 |    64 |    78 ||   210
Block: Kite shield       |    65 |    36 |   200 |   115 ||   416

Table legend: (Time is in decaauts)
 A = Elapsed time spent in this place.
 B = Non-inter-level travel time spent in this place.
 C = Inter-level travel time spent in this place.
 D = Time resting spent in this place.
 E = Time spent auto-exploring this place.
 F = Levels seen in this place.
 G = Mean time per level.
                   A        B        C        D        E       F      G
               +--------+--------+--------+--------+--------+-----+--------+
         Total |  15139 |  14552 |    587 |   4972 |   6494 |  12 | 1261.6 |
       Dungeon |  14039 |  13465 |    574 |   4528 |   6419 |   9 | 1559.9 |
        Temple |     75 |     62 |     13 |      0 |     53 |   1 |   75.0 |
         Abyss |    494 |    494 |      0 |    262 |      0 |   1 |  494.0 |
        Bailey |    529 |    529 |      0 |    182 |     22 |   1 |  529.0 |
               +--------+--------+--------+--------+--------+-----+--------+

Top non-repeatable levels by time:
     D:4: 2587 daAuts
     D:7: 1803 daAuts
     D:6: 1788 daAuts
     D:3: 1753 daAuts
     D:5: 1631 daAuts
     D:8: 1516 daAuts
     D:1: 1291 daAuts
     D:9: 867 daAuts
     D:2: 799 daAuts
  Bailey: 529 daAuts
 Abyss:2: 494 daAuts
  Temple: 75 daAuts
